AoeStats
← annekristel15

Glade

510303710Analyzed
1v1 RM · 1d ago on Sep 30, 2026· 49m 13s· 2 players
Game mode
Random Map
Map size
Tiny (2 player)
Population
200
Speed
Normal
Resources
Standard
Victory
Conquest
Starting age
Dark Age
Ending age
Imperial Age
RankedLock teamsTeams togetherTeam positionsShared explorationLock speedFull tech treeHidden civsTurbo modeCheats
Victory
Defeat
🇨🇳 Chinese · China
300
+17
🇳🇱 Britons · Netherlands
332
-17
76561199640613672
11:09 Feudal Age
11:39 Double-Bit Axe
18:17 Castle Age
18:35 Gold Mining
18:36 Horse Collar
19:37 Bow Saw
21:45 Stone Mining
30:25 Imperial Age
36:08 Stone Shaft Mining
36:09 Gold Shaft Mining
36:39 Two-Man Saw
35:41 Heavy Plow
37:21 Wheelbarrow
39:05 Fortified Wall
41:37 Great Wall
46:58 Elite Chu Ko Nu
annekristel15
14:36 Feudal Age
15:53 Man-at-Arms
17:41 Horse Collar
17:52 Double-Bit Axe
18:00 Gold Mining
18:24 Stone Mining
22:00 Wheelbarrow
21:12 Town Watch
21:15 Loom
27:36 Castle Age
25:32 Arson
26:36 Town Watch
26:37 Loom
28:40 Hand Cart
28:11 Town Watch
28:12 Loom
28:19 Town Watch
28:20 Loom
29:10 Coinage
28:41 Caravan
28:20 Elite Skirmisher
28:21 Crossbowman
28:27 Light Cavalry
29:09 Husbandry
29:13 Squires
29:40 Heavy Plow
30:09 Bow Saw
33:36 Gambesons
33:12 Long Swordsman
33:13 Pikeman
38:14 Town Patrol
Connection lost

Rejoining the realm…

Still unreachable

The connection could not be restored.

Session expired

The server has moved on; the page needs a fresh start.